 Dungeon Crawl Stone Soup version 0.27.1-1-g398f81649c (webtiles) character file.

Game seed: 7641147721582929101

326 Borgoz the Skirmisher (level 6, 0/39 HPs)
             Began as a Gargoyle Berserker on Sept 21, 2021.
             Was a Priest of Trog.
             Slain by Edmund (13 damage)
             ... on level 4 of the Dungeon.
             The game lasted 00:04:26 (4889 turns).

Borgoz the Skirmisher (Gargoyle Berserker)          Turns: 4889, Time: 00:04:26

Health: 0/39       AC: 14    Str: 20    XL:     6   Next: 49%
Magic:  6/6        EV: 10    Int:  8    God:    Trog [***...]
Gold:   128        SH:  0    Dex: 11    Spells: 5/5 levels left

rFire    . . .     SeeInvis .   q - +2 falchion (holy)
rCold    . . .     Faith    .   (no shield)
rNeg     + . .     Spirit   .   h - +0 scale mail
rPois    ∞         Reflect  .   l - +2 hat
rElec    +         Harm     .   (no cloak)
rCorr    .         Rampage  .   (no gloves)
Will     ++...                  o - +0 pair of boots
Stlth    ..........             (no amulet)
HPRegen  1.13/turn              (no ring)
MPRegen  0.10/turn              (no ring)

@: strong-willed, on berserk cooldown, regenerating, slowed, very slow
A: sickness immunity, AC +4, negative energy resistance 1, electricity
resistance, torment resistance 1, petrification resistance
a: Renounce Religion, Berserk, Trog's Hand


You were on level 4 of the Dungeon.
You worshipped Trog.
Trog was most pleased with you.
You visited 1 branch of the dungeon, and saw 4 of its levels.

You collected 194 gold pieces.
You spent 66 gold pieces at shops.

Inventory:

Hand Weapons
 q - a +2 falchion of holy wrath (weapon)
Armour
 h - a +0 scale mail (worn)
 l - a +2 hat (worn)
 o - a +0 pair of boots (worn)
Scrolls
 a - a scroll of torment {unknown}
 b - a scroll of magic mapping {unknown}
 c - a scroll of immolation {unknown}
 e - a scroll of enchant weapon {unknown}
 i - a scroll of fog {unknown}
 p - a scroll of teleportation {unknown}
 r - a scroll of silence {unknown}
Potions
 f - a potion of flight
 g - a potion of mutation
 j - a potion of resistance
 k - a potion of haste
 m - a potion of attraction
 n - a potion of magic


   Skills:
 + Level 4.3 Fighting
 * Level 4.2 Long Blades
 + Level 3.5 Armour
 * Level 3.3 Dodging


You had 5 spell levels left.
You didn't know any spells.
Your spell library was empty.

Dungeon Overview and Level Annotations

Branches:
Dungeon (4/15)
 Temple: D:4-7

Altars:
Gozag
Nemelex Xobeh
Sif Muna
Yredelemnul

Shops:
D:1 ?

Annotations:
D:4 Edmund


Innate Abilities, Weirdness & Mutations

You are immune to sickness and miasma.
Your stone body is resilient. (AC +4)
You are immune to poison.
You resist negative energy. (rN+)
You are resistant to electric shocks. (rElec)
You are resistant to unholy torment.
You are immune to petrification.


Message History

Edmund is almost dead.
Edmund hits you with a +1 flail of protection!
* * * LOW HITPOINT WARNING * * *
You closely miss Edmund.
Edmund is almost dead.
You hit Edmund but do no damage.
Edmund is almost dead.
You are no longer berserk.
You are exhausted.
You feel yourself slow down. Edmund barely misses you.
You riposte.
You hit Edmund but do no damage.
Edmund is almost dead.
You feel better. Edmund hits you but does no damage. x2
You hit Edmund.
Edmund is almost dead.
Edmund hits you with a +1 flail of protection!
* * * LOW HITPOINT WARNING * * *
Okay, then.
You aren't carrying any items that you can evoke.
Your skin crawls.
You feel strong-willed. Edmund barely misses you.
You riposte.
You closely miss Edmund.
Edmund is almost dead.
Edmund misses you.
You riposte.
You hit Edmund but do no damage.
Edmund is almost dead.
You feel better. Edmund hits you but does no damage.
You hit Edmund.
Edmund is almost dead.
Edmund barely misses you. Edmund hits you but does no damage.
You completely miss Edmund.
Edmund is almost dead.
Edmund barely misses you.
You hit Edmund but do no damage.
Edmund is almost dead.
Edmund hits you but does no damage.
Edmund hits you with a +1 flail of protection.
You barely miss Edmund.
Edmund is almost dead.
Edmund hits you with a +1 flail of protection! x2
You die...

?#....# ####..
........## ####....#
..$......## ####.......#
..........###....###....
.............##### #...#
...........### #..##
...........# ##..#
........[..# #####..##
.......@...# ##......#
##....@....# #.......#
#........## #.......#
#........# #.......#
#........# #......##
#.......## #......#
##....### #.....## ####.
###...# ##..#


You could see Edmund (strong).

Vanquished Creatures
  2 orc priests (D:3)
  A bullfrog skeleton (D:4)
  An iguana (D:2)
  Terence (D:3)
  An orc wizard (D:4)
  Robin (D:2)
  4 adders (D:2)
  5 dart slugs
  6 orcs
  7 bats
  13 endoplasms
  4 giant cockroaches
  10 goblins
  4 hobgoblins
  6 jackals
  7 kobolds
  2 quokkas
  12 ball pythons
  5 frilled lizards
  14 rats
106 creatures vanquished.

Vanquished Creatures (others)
  7 plants (D:2)
7 creatures vanquished.

Grand Total: 113 creatures vanquished

Notes
Turn   | Place    | Note
-------+----------+-------------------------------------------
     0 | D:1      | Borgoz the Gargoyle Berserker began the quest for the Orb.
     0 | D:1      | Reached XP level 1. HP: 14/14 MP: 1/1
   368 | D:1      | Reached XP level 2. HP: 17/19 MP: 2/2
  1131 | D:1      | Reached XP level 3. HP: 23/23 MP: 3/3
  1259 | D:1      | Reached ** piety under Trog
  1327 | D:1      | You fall into a shaft and drop 1 floor!
  1752 | D:2      | Reached XP level 4. HP: 24/29 MP: 4/4
  1978 | D:2      | Found a faded altar of an unknown god.
  2172 | D:1      | Found Oxamnuet's Magic Scroll Shop.
  2181 | D:1      | Bought a scroll of identify for 22 gold pieces
  2181 | D:1      | Bought a scroll of identify for 22 gold pieces
  2181 | D:1      | Bought a scroll of identify for 22 gold pieces
  2629 | D:2      | Noticed Robin
  2638 | D:2      | Killed Robin
  2639 | D:2      | Reached XP level 5. HP: 33/33 MP: 5/5
  3210 | D:3      | Noticed Terence
  3221 | D:3      | Killed Terence
  3346 | D:3      | Reached *** piety under Trog
  3366 | D:3      | Reached XP level 6. HP: 15/38 MP: 6/6
  3809 | D:3      | Found a basalt altar of Yredelemnul.
  3822 | D:3      | Found a sparkling altar of Nemelex Xobeh.
  3886 | D:3      | Found an opulent altar of Gozag.
  4041 | D:3      | Found a shimmering blue altar of Sif Muna.
  4856 | D:4      | Noticed Edmund
  4889 | D:4      | Slain by Edmund

Illustrated notes

Levels and vault maps discovered:
D:1:      kennysheep_arrival_forest, layout_loops_ring, serial_shops,
          nicolae_shop_trees, minmay_rat_gold_closets
D:2:      kennysheep_six_static_rooms, layout_loops_cross, serial_forest,
          infiniplex_forest_join, infiniplex_forest_clump_medium,
          infiniplex_forest_straight_2, infiniplex_forest_fountain,
          infiniplex_forest_3_way, shapermc_ecumenical_altar_mp_vishouse,
          kennysheep_potato, uniq_robin
D:3:      minmay_general_purpose_star, layout_loops_corners,
          lemuel_blue_sif_altar, general_overflow_altar, jmf_multi_god_temple,
          uniq_terence
D:4:      layout_cave_pods, kennysheep_little_box,
          nicolae_overflow_crystal_walls, uniq_edmund, uniq_blork_the_orc

Skill      XL: |  1  2  3  4  5 |
---------------+----------------+-----
Long Blades    | 3 4 |  4.2
Dodging        | 2 3 |  3.3
Armour         | 3 |  3.5
Fighting       | 4 |  4.3

Action                   |  1- 3 |  4- 6 || total
-------------------------+-------+-------++-------
Melee: Falchion          |   122 |   227 ||   349
Invok: Berserk           |       |     3 ||     3
       Trog's Hand       |       |     1 ||     1
  Use: Scroll            |       |     8 ||     8
       Potion            |       |     2 ||     2
 Stab: Sleeping          |     1 |       ||     1
Armor: Animal skin       |    16 |       ||    16
       Scale mail        |    33 |   121 ||   154
Dodge: Dodged            |    82 |   112 ||   194
       Rpst.: Falchion   |    20 |    39 ||    59
